[Event "Early-Titled-Tuesday-Blitz-April-16-2024"]
[Site "Chess.com"]
[Date "2024.04.16"]
[Round "2"]
[White "Karttunen"]
[Black "NigiriSushies"]
[Result "1-0"]
[WhiteElo "2702"]
[BlackElo "2392"]
[TimeControl "180+1"]
[EndTime "8:17:14 PDT"]
[Termination "Karttunen won by checkmate"]

1. e4 c5 2. Nf3 d6 3. d4 cxd4 4. Nxd4 Nf6 5. Nc3 a6 6. f3 e5 7. Nb3 Be6 8. Be3 h5 9. Nd5 Nbd7 10. c4 g6 11. Qd2 Bg7 12. Be2 O-O 13. a4 Rc8 14. O-O b6 15. Rfd1 Nc5 16. Nxc5 dxc5 17. a5 Bxd5 18. exd5 e4 19. b4 exf3 20. Bxf3 Nd7 21.
Rab1 cxb4 22. Qxb4 bxa5 23. Qa3 Rxc4 24. d6 Rc3 25.
Rb3 Rxb3 26. Qxb3 Ne5 27. Bd5 a4 28. Qxa4 Qxd6 29. Bxf7+ Nxf7 30. Rxd6 Nxd6 31. Qxa6 Nf5 32. Bf2 Kh7 33. h3 Rd8 34. Qa4 Rd1+ 35. Qxd1 Bf6 36.
Qd5 Bg7 37. g4 hxg4 38. hxg4 Nh6 39. Qh1 Kg8 40. Qf3 Kh7 41. Be3 Kg8 42. Bxh6 Bxh6 43. Qf6 Kh7 44. g5 Bg7 45. Qf7 Kh8 46. Qxg6 Kg8 47.
Kg2 Kh8 48. Kf3 Kg8 49. Ke4 Kf8 50. Kd5 Kg8 51. Ke6 Kh8 52. Kf7 Bc3 53. Qg8# 1-0

[Event "Early-Titled-Tuesday-Blitz-April-16-2024"]
[Site "Chess.com"]
[Date "2024.04.16"]
[Round "2"]
[White "Roosters19"]
[Black "Martial2008"]
[Result "1-0"]
[WhiteElo "2325"]
[BlackElo "2648"]
[TimeControl "180+1"]
[EndTime "8:17:14 PDT"]
[Termination "Roosters19 won by resignation"]

1. d4 Nf6 2. Bg5 d5 3. Nd2 g6 4. Bxf6 exf6 5. e3 c6 6. Ne2 h5 7. h4 Bd6 8. g3 Be6 9. Bg2 Kf8 10.
a3 Nd7 11. Rc1 b5 12. e4 Kg7 13. exd5 cxd5 14. O-O g5 15. Nf3 Nf8 16. Qd2 gxh4 17. Nxh4 Ng6 18. Nxg6 fxg6 19. Nf4 Bf7 20. Rfe1 Qd7 21.
Re2 h4 22. Rce1 h3 23. Bf3 Rae8 24. Rxe8 Rxe8 25. Rxe8 Bxf4 26. Qxf4 Qxe8 27. Qe3 Qxe3 28. fxe3 Be6 29. g4 g5 30. Kh2 f5 31. gxf5 Bxf5 32. Kg3 g4 33. Bxd5 Kf6 34. c4 bxc4 35. Bxc4 Be4 36. Be2 Bf3 37. Bxf3 gxf3 38. Kxf3 Kf5 39.
Kg3 1-0

[Event "Early-Titled-Tuesday-Blitz-April-16-2024"]
[Site "Chess.com"]
[Date "2024.04.16"]
[Round "2"]
[White "koncheto"]
[Black "ValentunHulka"]
[Result "0-1"]
[WhiteElo "2555"]
[BlackElo "2794"]
[TimeControl "180+1"]
[EndTime "8:17:15 PDT"]
[Termination "ValentunHulka won on time"]

1. e4 c5 2. Nf3 Nc6 3. d4 cxd4 4. Nxd4 Nf6 5. Nc3 e5 6. Ndb5 d6 7. Bg5 a6 8. Na3 b5 9. Nd5 Be7 10. Bxf6 Bxf6 11. c3 O-O 12. h4 Rb8 13. Nc2 Ne7 14. Nce3 Nxd5 15. Nxd5 a5 16. a3 Be6 17. g3 Qd7 18. Bg2 Bd8 19. O-O Bb6 20. Nxb6 Rxb6 21. Qd3 Bc4 22. Qe3 Qc7 23. Rfd1 Rfb8 24. Rd2 Be6 25.
Rad1 b4 26. cxb4 axb4 27. axb4 Rxb4 28. Rxd6 h6 29. R6d2 Rxb2 30. Rxb2 Rxb2 31. Qd3 Kh7 32.
Qe3 Bg4 33. Rc1 Qd6 34. Qc3 Rd2 35. Bf3 Be6 36. Qe3 Rd3 37. Qe2 Qa3 0-1

[Event "Early-Titled-Tuesday-Blitz-April-16-2024"]
[Site "Chess.com"]
[Date "2024.04.16"]
[Round "2"]
[White "BigAl"]
[Black "Aygehovit1992"]
[Result "1-0"]
[WhiteElo "2531"]
[BlackElo "2731"]
[TimeControl "180+1"]
[EndTime "8:17:16 PDT"]
[Termination "BigAl won by checkmate"]

1. Nf3 Nf6 2. g3 b5 3. Bg2 Bb7 4. O-O e6 5. c3 c5 6. a4 b4 7. d4 cxd4 8. cxd4 Be7 9. Nbd2 O-O 10. Nb3 d6 11. a5 Nbd7 12. a6 Bd5 13. Bf4 Qb6 14. Nfd2 Bxg2 15. Kxg2 Nd5 16. e4 Nxf4+ 17. gxf4 Rac8 18. Kh1 f5 19. Rg1 fxe4 20. Qg4 Rf7 21. Qxe6 Rd8 22. Nxe4 d5 23. Qxb6 Nxb6 24. Nec5 Nc4 25.
Rae1 Nxb2 26. Ne6 Re8 27. Nc7 Rd8 28. Rg3 Nc4 29. Ne6 Re8 30. Nc7 Rd8 31. Ne6 Rd6 32. Nbc5 g6 33. Rb3 Rb6 34. Nc7 Bxc5 35. dxc5 Rc6 36. Re8+ Kg7 37. Ne6+ Kf6 38. Nd8 Re7 39.
Rxe7 Rxa6 40. Rf7# 1-0

[Event "Early-Titled-Tuesday-Blitz-April-16-2024"]
[Site "Chess.com"]
[Date "2024.04.16"]
[Round "2"]
[White "HajiyevKanan"]
[Black "LiemLe"]
[Result "0-1"]
[WhiteElo "2628"]
[BlackElo "3044"]
[TimeControl "180+1"]
[EndTime "8:17:18 PDT"]
[Termination "LiemLe won by resignation"]

1. d4 Nf6 2. Nf3 g6 3. g3 Bg7 4.
Bg2 d5 5. O-O O-O 6. b3 a5 7. a4 Na6 8. Qd2 c5 9. Bb2 Ne4 10. Qe3 Bg4 11. Nbd2 Nb4 12. Rfc1 Nxd2 13. Qxd2 Rc8 14. c3 Na6 15. Ba3 Qb6 16. dxc5 Nxc5 17.
Bxc5 Rxc5 18. Nd4 Rfc8 19. Nb5 Bd7 20. Qd3 Bxb5 21. axb5 e6 22. e4 Bxc3 23. Rab1 d4 24.
h4 Rxb5 25. h5 Rxh5 26. f4 Rb5 27. e5 Rxb3 28. Be4 a4 29. g4 a3 30. f5 a2 31.
Rxb3 Qxb3 32. fxg6 hxg6 33. Bxg6 Qb2 34. Rf1 a1=Q 35. Bxf7+ Kh8 36. Qh3+ Kg7 37. Bxe6 Qxf1+ 38. Qxf1 Rf8 39. Bf5 Qa1 40. Kg2 Qxf1+ 41. Kxf1 d3 0-1

[Event "Early-Titled-Tuesday-Blitz-April-16-2024"]
[Site "Chess.com"]
[Date "2024.04.16"]
[Round "2"]
[White "lefonghua"]
[Black "AlmasRakhmatullaev"]
[Result "0-1"]
[WhiteElo "2578"]
[BlackElo "2863"]
[TimeControl "180+1"]
[EndTime "8:17:18 PDT"]
[Termination "AlmasRakhmatullaev won on time"]

1. d4 Nf6 2. c4 g6 3. Nc3 Bg7 4.
e4 d6 5. f4 O-O 6. Nf3 Nc6 7. d5 Nb8 8. Bd3 e6 9. O-O exd5 10.
cxd5 Nbd7 11. Be3 Re8 12. Bd4 c5 13. Bf2 Ng4 14. Bh4 Qb6 15. Na4 Qc7 16. Qd2 c4 17. Rac1 b5 18. h3 Nh6 19. e5 bxa4 20. Rxc4 Qb7 21.
Rc6 Nc5 22. g4 Bd7 23. Rxc5 dxc5 24. f5 gxf5 25. Bf6 Bxf6 26. exf6 Kh8 27. Qxh6 Rg8 28. Ng5 Rxg5 29. Qxg5 Rg8 30. Qf4 c4 31. Bxc4 fxg4 32. h4 g3 33. Qd4 Qb4 34. a3 Qd6 35. Re1 g2 36. Re2 Qg3 37. Qf2 Qh3 0-1

[Event "Early-Titled-Tuesday-Blitz-April-16-2024"]
[Site "Chess.com"]
[Date "2024.04.16"]
[Round "2"]
[White "NewYearGirl"]
[Black "Aminazinas"]
[Result "1-0"]
[WhiteElo "2363"]
[BlackElo "2558"]
[TimeControl "180+1"]
[EndTime "8:17:18 PDT"]
[Termination "NewYearGirl won by resignation"]

1. e4 e5 2. Nf3 Nc6 3. Bc4 Nf6 4. d4 exd4 5. Ng5 d5 6. exd5 Na5 7. Qe2+ Be7 8. d6 Nxc4 9. dxe7 Qxe7 10. Qxe7+ Kxe7 11. b3 Nd6 12. Ba3 Bf5 13. Kd1 Bg6 14. Nd2 Kd7 15.
Ngf3 Nb5 16. Bb2 c5 17. Ne5+ Kc7 18. f3 Rhe8 19. Ndc4 Nd5 20. Re1 Rad8 21. a4 Nbc3+ 22. Kd2 Re6 23. Nxg6 Rxg6 24. g4 h5 25. Ne5 Rf6 26. g5 Rf5 27. Bxc3 Nxc3 28. Nd3 Kd6 29. f4 Nd5 30. Re5 Rxe5 31. fxe5+ Kc6 32. Rf1 Rf8 33. g6 f6 34. Rf5 Rh8 35. exf6 gxf6 36. Nf4 Nxf4 37.
Rxf6+ Kd5 38. Rxf4 Ke5 39. Rf7 Rg8 40. g7 b6 41. Rxa7 Kf6 42. Rb7 Re8 43. c3 dxc3+ 44. Kxc3 Ke5 45. Rxb6 Rg8 46. Rg6 Kf5 47. Rg1 Kf6 48.
Kc4 Kf7 49. Kxc5 Rc8+ 50. Kb4 Kg8 51. a5 Rc2 52. h4 Rh2 53. a6 Rxh4+ 54. Ka5 Rh2 55.
a7 Ra2+ 56. Kb6 h4 57. Kb7 h3 58. a8=Q+ Rxa8 59. Kxa8 h2 60. Rh1 Kxg7 61. Rxh2 1-0

[Event "Early-Titled-Tuesday-Blitz-April-16-2024"]
[Site "Chess.com"]
[Date "2024.04.16"]
[Round "2"]
[White "JonSnowNW1"]
[Black "diamonds13"]
[Result "1-0"]
[WhiteElo "2538"]
[BlackElo "2330"]
[TimeControl "180+1"]
[EndTime "8:17:18 PDT"]
[Termination "JonSnowNW1 won by resignation"]

1. c4 e5 2. Nc3 Nc6 3. g3 g6 4.
Bg2 Bg7 5. d3 d6 6. e4 Nge7 7.
Nge2 h5 8. h3 h4 9. g4 Be6 10.
f4 exf4 11. Nxf4 Nd4 12. Nxe6 fxe6 13. O-O Qd7 14. Be3 c5 15. Ne2 Nec6 16. Nf4 O-O-O 17. Nxg6 Rh7 18. Rf2 Rg8 19. Qf1 Bh6 20. Bxh6 Rxg6 21. Be3 Ne5 22. Bxd4 cxd4 23. Rf4 Kc7 24. Rc1 b6 25. b4 Rf7 26. Rxf7 Qxf7 27. Qxf7+ Nxf7 28. c5 dxc5 29. bxc5 b5 30. Rb1 Kc6 31. e5+ Kxc5 32. Be4 Rg5 33. Rc1+ Kb4 34. Rc7 Nxe5 35. Rxa7 Rg7 36.
Rxg7 Kc3 37. Rb7 b4 38. Kf2 Nxd3+ 39. Bxd3 Kxd3 40. Rxb4 e5 41. Rb3+ Kd2 42. Kf3 Kc2 43. Ke4 1-0

[Event "Early-Titled-Tuesday-Blitz-April-16-2024"]
[Site "Chess.com"]
[Date "2024.04.16"]
[Round "2"]
[White "dosto07"]
[Black "UmarovSabir"]
[Result "1-0"]
[WhiteElo "2519"]
[BlackElo "2287"]
[TimeControl "180+1"]
[EndTime "8:17:18 PDT"]
[Termination "dosto07 won on time"]

1. e4 c6 2. d4 d5 3. exd5 cxd5 4.
Bd3 Nf6 5. c3 g5 6. Bxg5 Rg8 7.
Bxf6 exf6 8. Ne2 Nc6 9. Ng3 Be6 10. Nd2 Qb6 11. Qb3 Qc7 12. O-O O-O-O 13. Nf3 Bd6 14. Rac1 Kb8 15. Rfe1 h5 16. Nf5 Bf4 17. Rc2 Na5 18.
Qa4 Bd7 19. Qa3 Nc4 20. Qe7 Rde8 21. Qxf6 Bxh2+ 22. Kf1 Rxe1+ 23. Nxe1 Rg6 24. Qh8+ Bc8 25. Qxh5 Bd6 26. Nxd6 Nxd6 27. Bxg6 fxg6 28. Qxg6 Bf5 29. Qg8+ Nc8 30. Re2 Qh2 31. Qg3+ 1-0

[Event "Early-Titled-Tuesday-Blitz-April-16-2024"]
[Site "Chess.com"]
[Date "2024.04.16"]
[Round "2"]
[White "lluiss"]
[Black "balack95"]
[Result "0-1"]
[WhiteElo "2083"]
[BlackElo "2447"]
[TimeControl "180+1"]
[EndTime "8:17:18 PDT"]
[Termination "balack95 won by resignation"]

1. Nf3 d5 2. d4 e6 3. c4 h6 4. cxd5 exd5 5. Nc3 Nf6 6. Bf4 Bd6 7. Bxd6 Qxd6 8. e3 c6 9. Be2 O-O 10. O-O Bf5 11. Ne5 Nbd7 12. Nxd7 Nxd7 13. Qd2 a5 14.
Rae1 b5 15. Bd3 Bxd3 16. Qxd3 f5 17. f4 a4 18. Nb1 Nb6 19. Nd2 Nc4 20. Qc3 Rfe8 21.
Nf3 b4 22. Qc1 c5 23. Ne5 cxd4 24. exd4 Rac8 25. Qa1 Nd2 26. Rf2 Ne4 27. Rfe2 Rc7 28. Qd1 Qa6 29. Rc2 Rec8 30. Ree2 Kh7 31. Rxc7 Rxc7 32.
Rc2 Rxc2 33. Qxc2 Qb6 34. Nf3 b3 35. axb3 axb3 36. Qd1 Qb4 37. h3 Qc4 38. Kh2 Qc2 39. Qa1 Qf2 40. Qa7 Qg3+ 41. Kg1 Qxf4 42. Qd7 Nf6 43. Qa7 Qc1+ 44. Kh2 Qxb2 45. Ne5 Qf2 46. Qf7 Qf4+ 47. Kh1 Qg5 48. Nf3 Qc1+ 49. Kh2 b2 50. Nh4 Qf4+ 51. g3 Qxh4 52. gxh4 b1=Q 0-1

[Event "Early-Titled-Tuesday-Blitz-April-16-2024"]
[Site "Chess.com"]
[Date "2024.04.16"]
[Round "2"]
[White "nihalsarin"]
[Black "SharapovEvgeny"]
[Result "1-0"]
[WhiteElo "3172"]
[BlackElo "2652"]
[TimeControl "180+1"]
[EndTime "8:17:19 PDT"]
[Termination "nihalsarin won by checkmate"]

1. d4 d5 2. c4 c6 3. Nf3 Nf6 4. Qc2 g6 5. Bf4 Bf5 6. Qb3 Qb6 7. e3 Bxb1 8. Rxb1 Qxb3 9. axb3 Nbd7 10. h3 Bg7 11. c5 O-O 12. b4 a6 13. Be2 Rfe8 14.
O-O Ne4 15. Rfd1 e5 16. Bh2 exd4 17. Nxd4 Ne5 18. f3 Nf6 19. Kf2 Bh6 20. b3 Re7 21. Bf4 Bxf4 22. exf4 Ned7 23. g4 Rae8 24. Ra1 Nf8 25.
f5 gxf5 26. Bd3 fxg4 27. hxg4 Ng6 28. Nf5 Re6 29. Nd6 R8e7 30. Kg3 Ne8 31. Nf5 Rc7 32.
Nd4 Re3 33. Nf5 Re6 34. f4 Ne7 35. Nd4 Re3+ 36. Kf2 Rh3 37. Kg2 Re3 38. Nc2 Re6 39.
Kf3 Rh6 40. Rh1 Rxh1 41. Rxh1 Ng6 42. Nd4 Nf6 43. g5 Ne4 44. Re1 Nh4+ 45. Kg4 Nf2+ 46. Kxh4 Nxd3 47. Re8+ Kg7 48. Nf5+ Kg6 49. Ne7+ Kg7 50.
Rg8# 1-0

[Event "Early-Titled-Tuesday-Blitz-April-16-2024"]
[Site "Chess.com"]
[Date "2024.04.16"]
[Round "2"]
[White "JiiHart"]
[Black "ATM622"]
[Result "0-1"]
[WhiteElo "2159"]
[BlackElo "2466"]
[TimeControl "180+1"]
[EndTime "8:17:19 PDT"]
[Termination "ATM622 won by checkmate"]

1. e4 c6 2. d4 d5 3. Nc3 dxe4 4. Nxe4 Nf6 5. Nxf6+ exf6 6. Bf4 Bd6 7. Qf3 O-O 8.
Bd3 Re8+ 9. Ne2 Bxf4 10. Qxf4 Nd7 11. h4 Nf8 12. h5 h6 13. O-O-O Ne6 14. Qd2 Qd5 15. c4 Qd6 16. Bc2 b5 17. Qd3 bxc4 18.
Qxc4 Rb8 19. g3 Bd7 20. Nf4 Nxf4 21. gxf4 Rb4 22. Qd3 Qxf4+ 23. Kb1 f5 24. Rhe1 Rxe1 25.
Rxe1 Rxd4 26. Qe3 Qxe3 27. fxe3 Rh4 28. Rd1 Be6 29. e4 fxe4 30. Rd4 c5 31. Rd8+ Kh7 32.
a4 Rh1+ 33. Bd1 Bb3 34. Kc1 e3 35. Re8 Rxd1# 0-1

[Event "Early-Titled-Tuesday-Blitz-April-16-2024"]
[Site "Chess.com"]
[Date "2024.04.16"]
[Round "2"]
[White "Witik"]
[Black "AsaHoffmann"]
[Result "1-0"]
[WhiteElo "2709"]
[BlackElo "2399"]
[TimeControl "180+1"]
[EndTime "8:17:20 PDT"]
[Termination "Witik won on time"]

1. Nf3 d6 2. d4 Bg4 3. g3 Bxf3 4. exf3 c6 5. Nd2 e6 6. c3 g6 7.
h4 h5 8. Bd3 Bg7 9. O-O Ne7 10.
Re1 Nd7 11. f4 Nf5 12. Nf3 Qe7 13. Ng5 Bh6 14. Qb3 Bxg5 15. fxg5 O-O-O 16. Bf4 Nb6 17. a4 Nd5 18. Bd2 f6 19. a5 a6 20. Qa4 Nc7 21.
gxf6 Qxf6 22. Bg5 Qf7 23. Bxd8 Rxd8 24. Qc2 Rf8 25. Re4 Nd5 26. Rae1 Re8 27. Qd2 Nf6 28. R4e2 Ng4 29. Qg5 e5 30. f3 Ngh6 31. dxe5 dxe5 32. Rxe5 Rxe5 33. Rxe5 Kd7 34. Re4 Qg7 35. Bc4 Ng8 36. Be6+ Kc7 37. Bxf5 Nf6 38. Qxg6 Qxg6 39. Bxg6 Nxe4 40.
Bxe4 1-0

[Event "Early-Titled-Tuesday-Blitz-April-16-2024"]
[Site "Chess.com"]
[Date "2024.04.16"]
[Round "2"]
[White "Naruto75_3"]
[Black "wild3000"]
[Result "1-0"]
[WhiteElo "2352"]
[BlackElo "2523"]
[TimeControl "180+1"]
[EndTime "8:17:21 PDT"]
[Termination "Naruto75_3 won by checkmate"]

1. d4 e6 2. c4 Nf6 3. Nc3 d5 4. cxd5 exd5 5. Bg5 c6 6. e3 Be7 7. Bd3 Nbd7 8. Nge2 O-O 9. O-O h6 10. Bh4 Nh5 11. Bxe7 Qxe7 12. Kh1 Ndf6 13. Qc2 g6 14. Rae1 Ng7 15. Ng3 h5 16. Qd2 h4 17. Nge2 h3 18.
g3 c5 19. dxc5 Qxc5 20. Nd4 a6 21. f3 Bd7 22. Qf2 b5 23. g4 b4 24. Nd1 Ne6 25. Qh4 Kg7 26. Nf5+ gxf5 27. gxf5 Rg8 28. Rg1+ Kf8 29. Qxf6 Rxg1+ 30. Rxg1 Nc7 31. Rg7 Be8 32.
Rh7 a5 33. Rh8# 1-0

[Event "Early-Titled-Tuesday-Blitz-April-16-2024"]
[Site "Chess.com"]
[Date "2024.04.16"]
[Round "2"]
[White "Susal_De_Silva"]
[Black "Louis-Paulsen-Fan"]
[Result "1/2-1/2"]
[WhiteElo "2670"]
[BlackElo "2366"]
[TimeControl "180+1"]
[EndTime "8:17:22 PDT"]
[Termination "Game drawn by repetition"]

1. Nf3 d5 2. e3 c5 3. d4 Nc6 4. c3 e6 5. Bd3 Nf6 6. Nbd2 Bd6 7. O-O e5 8. dxc5 Bxc5 9. e4 dxe4 10. Nxe4 Be7 11.
Nxf6+ Bxf6 12. Be4 O-O 13. Be3 Bg4 14. Qa4 Bd7 15. Rfd1 Qc7 16. Qc4 Be6 17. Qa4 h6 18. Bd5 Bxd5 19. Rxd5 Rfd8 20. c4 Nd4 21. Nxd4 exd4 22.
Bd2 Rxd5 23. cxd5 Rd8 24. Qxa7 Rxd5 25. Rc1 Qd7 26. Qb8+ Kh7 27. Rc7 Qe6 28. Rc1 Qe2 29. Bf4 d3 30. h3 d2 31. Bxd2 Rxd2 32. Rf1 Bd4 33. Qf4 Kg8 34. Qb8+ Kh7 35. Qf4 Rd1 36.
Qf5+ Kg8 37. Qc8+ Kh7 38. Qf5+ Kg8 39. Qc8+ Kh7 40. Qf5+ 1/2-1/2

[Event "Early-Titled-Tuesday-Blitz-April-16-2024"]
[Site "Chess.com"]
[Date "2024.04.16"]
[Round "2"]
[White "Dixit_Nikhil"]
[Black "FGHSMN"]
[Result "0-1"]
[WhiteElo "2597"]
[BlackElo "2902"]
[TimeControl "180+1"]
[EndTime "8:17:24 PDT"]
[Termination "FGHSMN won by resignation"]

1. e4 e5 2. Nf3 Nc6 3. Nc3 Nf6 4. d4 exd4 5. Nxd4 Bb4 6. Nxc6 bxc6 7. Bd3 O-O 8. O-O Re8 9. Bg5 h6 10. Bh4 d6 11. f4 Qe7 12. e5 dxe5 13. Ne4 Qe6 14. f5 Qe7 15. Bxf6 gxf6 16. Qg4+ Kh7 17. Qh4 Rd8 18.
Nxf6+ Kg7 19. Qg3+ Kh8 20. Qh4 Qf8 21. Rf3 Be7 22. Rh3 Rd6 23. Qxh6+ Qxh6 24. Rxh6+ Kg7 25. Rh7+ Kxf6 26. Bc4 Kxf5 27. Rxf7+ Bf6 28. Rf1+ Kg6 29. Rf8 Bb7 30. Bd3+ Kg7 31. Rxa8 Bxa8 32. Rf3 c5 33.
Rg3+ Kf7 34. Rh3 e4 35. Bc4+ Bd5 36. Bxd5+ Rxd5 37. Rh7+ Bg7 38. Kf2 Rd2+ 39. Ke3 Rxc2 40. Kxe4 Rxb2 41. g4 Rxa2 42. h4 Kg6 43. Rh5 Re2+ 44.
Kf3 Re5 0-1

[Event "Early-Titled-Tuesday-Blitz-April-16-2024"]
[Site "Chess.com"]
[Date "2024.04.16"]
[Round "2"]
[White "ccccvhhhj"]
[Black "chito89"]
[Result "0-1"]
[WhiteElo "2434"]
[BlackElo "2719"]
[TimeControl "180+1"]
[EndTime "8:17:24 PDT"]
[Termination "chito89 won on time"]

1. e4 Nc6 2. Nf3 d6 3. d4 Nf6 4.
Nc3 Bg4 5. Be3 e6 6. Be2 Be7 7.
Qd2 O-O 8. O-O-O d5 9. e5 Ne4 10. Nxe4 dxe4 11. Ng1 Bf5 12. g4 Bg6 13. Kb1 Qd5 14.
h4 h6 15. Nh3 Nb4 16. c4 Qa5 17. a3 Nc6 18. Nf4 Qxd2 19. Rxd2 Bh7 20. Bd1 Rad8 21. Bc2 a6 22. Nh5 b5 23. cxb5 axb5 24. g5 hxg5 25. hxg5 b4 26. f3 bxa3 27. Bxe4 Bxe4+ 28. fxe4 Rb8 29.
Rg2 Rxb2+ 30. Rxb2 axb2 31. Kxb2 Rb8+ 32. Kc3 Ra8 33. Nf4 Ra3+ 34. Kd2 Bxg5 35. Rg1 Nxd4 36.
Bxd4 Bxf4+ 37. Kc2 Rf3 38. Ra1 c5 39. Ra8+ Kh7 40.
Bc3 g5 41. Ra7 Kg6 42. Rc7 Rxc3+ 0-1

[Event "Early-Titled-Tuesday-Blitz-April-16-2024"]
[Site "Chess.com"]
[Date "2024.04.16"]
[Round "2"]
[White "MrVenky"]
[Black "Mops_2004"]
[Result "1-0"]
[WhiteElo "2519"]
[BlackElo "2789"]
[TimeControl "180+1"]
[EndTime "8:17:24 PDT"]
[Termination "MrVenky won on time"]

1. Nf3 g6 2. g3 Bg7 3. Bg2 e5 4. d3 d5 5. O-O Nc6 6. Nbd2 Nge7 7. e4 O-O 8. Re1 d4 9. a4 h6 10. Nc4 Be6 11. b3 a6 12. a5 b5 13. axb6 cxb6 14. Bd2 Qc7 15. h4 b5 16. Na5 Rfc8 17. Ra2 Qd6 18. Qc1 Kh7 19. Re2 Bg4 20. Re1 Bf8 21.
Nh2 Bd7 22. Nb7 Qc7 23. Nc5 Nb8 24. Nxd7 Nxd7 25. f4 exf4 26. Bxf4 Qc5 27. Bh3 Rd8 28. Bxd7 Rxd7 29. Ng4 Ng8 30. e5 Re7 31. Re4 Re6 32. Qf1 Ra7 33. Qf2 Rd7 34. Nh2 Ne7 35. Nf3 Nc6 36. Ra1 Bg7 37. Rae1 a5 38. h5 g5 39. Bxg5 hxg5 40. Nxg5+ Kg8 41. Nxe6 fxe6 42. Qf4 Rf7 43. Qg5 Kh8 44. h6 Bf8 45. Rg4 Ne7 46. Rf1 Rxf1+ 47. Kxf1 Kh7 48. Qf6 Nf5 49. Qf7+ Kxh6 50. Qxe6+ 1-0

[Event "Early-Titled-Tuesday-Blitz-April-16-2024"]
[Site "Chess.com"]
[Date "2024.04.16"]
[Round "2"]
[White "DvaHrasta"]
[Black "PonyQueen07"]
[Result "1-0"]
[WhiteElo "2469"]
[BlackElo "2180"]
[TimeControl "180+1"]
[EndTime "8:17:24 PDT"]
[Termination "DvaHrasta won by checkmate"]

1. c4 e5 2. g3 c6 3. Nf3 e4 4. Nd4 d5 5. cxd5 cxd5 6. d3 exd3 7. Qxd3 Nc6 8. Bg2 Nf6 9. Nc3 Bc5 10. Nb3 Bb4 11. O-O Bxc3 12. Qxc3 O-O 13. Bg5 d4 14. Qc5 Be6 15. Rfd1 Rc8 16. Nxd4 Nxd4 17. Qxd4 Qxd4 18. Rxd4 Rfd8 19. Rxd8+ Rxd8 20. b3 h6 21. Bxf6 gxf6 22. Bxb7 Rd2 23. Ba6 Bh3 24. f4 Kg7 25. Bd3 Kf8 26.
Kf2 Ke7 27. Ke3 Rb2 28. Kd4 Bf5 29. Kc3 Bxd3 30. Kxb2 Be4 31. Rc1 Kd6 32. Rc4 f5 33. Ra4 Kd5 34. Kc3 Bg2 35. Rxa7 Bf1 36. Kd3 Bg2 37. Rxf7 Ke6 38. Rh7 Kd5 39. Rxh6 Be4+ 40. Ke3 Bb1 41. Ra6 Bxa2 42. Rxa2 Kc5 43. h4 Kb4 44. Rd2 Kxb3 45. h5 Kc3 46. h6 Kc4 47. h7 Kb4 48. h8=Q Kb3 49. Qb8+ Kc3 50. Qc7+ Kb3 51.
Qb6+ Kc3 52. Qc5+ Kb3 53. Qd5+ Kc3 54. Qd4+ Kb3 55. Rb2+ Ka3 56. Qb4# 1-0

[Event "Early-Titled-Tuesday-Blitz-April-16-2024"]
[Site "Chess.com"]
[Date "2024.04.16"]
[Round "2"]
[White "amintabatabaei"]
[Black "SirStrateg"]
[Result "1-0"]
[WhiteElo "3044"]
[BlackElo "2627"]
[TimeControl "180+1"]
[EndTime "8:17:25 PDT"]
[Termination "amintabatabaei won by checkmate"]

1. Nf3 d6 2. d4 Bg4 3. e4 Nf6 4. Nc3 c6 5. h3 Bh5 6. g4 Bg6 7. Qe2 e6 8. Bg2 d5 9. exd5 Nxd5 10. Ne5 Nxc3 11. bxc3 Nd7 12. Nxg6 hxg6 13. O-O Nf6 14. Rb1 Qc7 15. c4 Rd8 16. Rd1 Be7 17.
Qf3 Rd7 18. Bf4 Bd6 19. Bg5 Nh7 20. Be3 O-O 21. c5 Bh2+ 22. Kh1 g5 23. h4 gxh4 24. g5 g6 25. Qg4 Kg7 26. Bh3 Rh8 27. Kg2 Qb8 28. Qxh4 Nf8 29. Qg4 Rh5 30. f4 Rd5 31.
Rh1 Rdxg5 32. fxg5 Bc7 33. Qf3 Nh7 34. Bg4 Nxg5 35.
Bxg5 Rxg5 36. Rh7+ Kxh7 37. Qxf7+ Kh6 38. Rh1+ Rh5 39. Bxh5 gxh5 40. Rxh5# 1-0

[Event "Early-Titled-Tuesday-Blitz-April-16-2024"]
[Site "Chess.com"]
[Date "2024.04.16"]
[Round "2"]
[White "ChessboArt"]
[Black "GothamChess"]
[Result "0-1"]
[WhiteElo "2301"]
[BlackElo "2661"]
[TimeControl "180+1"]
[EndTime "8:17:25 PDT"]
[Termination "GothamChess won on time"]

1. Nf3 g6 2. g3 Bg7 3. Bg2 d6 4. c4 Bd7 5. Nc3 Qc8 6. h4 h6 7. d3 Nc6 8. h5 g5 9. Bd2 a6 10. e3 Bg4 11. Ne4 f5 12. Nc3 Nf6 13. Nd5 Nxh5 14.
Qc2 e6 15. Nb4 Ne7 16. Bc3 a5 17. Rxh5 Bxh5 18. Bxg7 Rh7 19. Bc3 axb4 20. Bxb4 Qd7 21. Nd2 c5 22. Bc3 Nc6 23. a3 Bg6 24. Rb1 h5 25. b4 cxb4 26. axb4 h4 27. gxh4 gxh4 28.
b5 Nd8 29. Nf3 h3 30. Bh1 h2 31. Ng5 Rh5 32. f4 Nf7 33. Nf3 Qe7 34. Qb2 e5 35.
fxe5 dxe5 36. Nxe5 Nxe5 37. Bxe5 Qh4+ 38. Kf1 Qh3+ 39.
Kf2 Rd8 40. Bf4 Qh4+ 41. Bg3 Qe7 42. Qc3 f4 43. Bxf4 Qh4+ 44. Kg2 Rxd3 0-1

[Event "Early-Titled-Tuesday-Blitz-April-16-2024"]
[Site "Chess.com"]
[Date "2024.04.16"]
[Round "2"]
[White "XDPS"]
[Black "Tsyhanchuk_Stanislav"]
[Result "0-1"]
[WhiteElo "2849"]
[BlackElo "2439"]
[TimeControl "180+1"]
[EndTime "8:17:25 PDT"]
[Termination "Tsyhanchuk_Stanislav won by checkmate"]

1. d4 Nf6 2. c4 g6 3. Nc3 Bg7 4. e4 d6 5. Nf3 O-O 6. Be2 Nbd7 7. O-O e5 8. Re1 Re8 9. d5 a5 10. Be3 b6 11. Nd2 Nc5 12. b3 h5 13. h3 Nh7 14. a3 Ng5 15. b4 Nb7 16. Nb3 a4 17. Nc1 Bd7 18. Nd3 Rf8 19. c5 bxc5 20.
bxc5 Na5 21. c6 Bc8 22. Qxa4 f5 23. exf5 Bxf5 24. Rac1 Kh7 25. Qd1 Bh6 26. Nb5 Nxh3+ 27. gxh3 Bxe3 28. fxe3 Bxh3 29. Bf3 Qg5+ 30. Kh2 Qh4 31.
Rh1 Bg4+ 32. Kg1 Qg3+ 33. Bg2 Bxd1 34. Rxd1 Qxe3+ 35. Kh2 h4 36. Rhe1 Qg3+ 37. Kh1 Nc4 38. Rg1 Ne3 39. Be4 Qh3# 0-1

[Event "Early-Titled-Tuesday-Blitz-April-16-2024"]
[Site "Chess.com"]
[Date "2024.04.16"]
[Round "2"]
[White "FARIZA2018"]
[Black "Shiner22"]
[Result "1-0"]
[WhiteElo "2538"]
[BlackElo "2334"]
[TimeControl "180+1"]
[EndTime "8:17:25 PDT"]
[Termination "FARIZA2018 won on time"]

1. e4 c5 2. Nf3 Nc6 3. d4 cxd4 4. Nxd4 e5 5. Nb5 a6 6. Nd6+ Bxd6 7. Qxd6 Qf6 8. Qd1 Qg6 9. Nc3 d5 10. Nxd5 Qxe4+ 11. Be3 Nd4 12. Nc7+ Ke7 13. Rc1 Rb8 14. c3 Bg4 15.
Qd3 Qxd3 16. Bxd3 Ne6 17. Nd5+ Kd6 18. Nb6 f6 19. f3 Bh5 20. Kf2 Ne7 21. Rhd1 Kc7 22.
Bc4 Nf8 23. Bc5 Re8 24. Bxe7 Rxe7 25. Nd5+ Kd8 26. Nxf6+ Kc8 27. Nxh5 Ng6 28. Rd6 e4 29.
Re6 exf3 30. gxf3 Rxe6 31. Bxe6+ Kc7 32. Rd1 Rf8 33. Rd7+ Kc6 34. Rxg7 Ne5 35. f4 Nd3+ 36. Ke3 Nxb2 37. f5 Nd1+ 38. Kd2 Nf2 39. Ng3 h6 40. Ke2 Nh3 41. Ke3 b5 42. Ne4 1-0

[Event "Early-Titled-Tuesday-Blitz-April-16-2024"]
[Site "Chess.com"]
[Date "2024.04.16"]
[Round "2"]
[White "NowInChess"]
[Black "Zarinur"]
[Result "0-1"]
[WhiteElo "2221"]
[BlackElo "2496"]
[TimeControl "180+1"]
[EndTime "8:17:25 PDT"]
[Termination "Zarinur won by checkmate"]

1. e4 e5 2. Nf3 Nc6 3. d4 exd4 4. Bc4 Bc5 5. c3 Nf6 6. e5 d5 7. Bb5 Ne4 8. cxd4 Bb6 9. Nc3 O-O 10. Be3 Bg4 11.
Bxc6 bxc6 12. h3 Bh5 13. Qb3 Bxf3 14. gxf3 Nxc3 15. Qxc3 Qh4 16. O-O-O f5 17. Rdg1 f4 18. Rg4 Qh6 19. Bd2 a5 20. a4 Rf7 21. Rhg1 Re8 22.
h4 Re6 23. Qd3 Ree7 24. Qa6 Qe6 25. Qd3 c5 26. Bxf4 cxd4 27. Bg5 Re8 28. Bf6 g6 29. h5 Rxf6 30. exf6 Qxf6 31. hxg6 h6 32. Rh1 c5 33. Rxh6 c4 34. Qd2 Bc5 35. Qf4 Qxf4+ 36. Rxf4 d3 37. Rfh4 Re1+ 38. Kd2 Bb4# 0-1